 Dungeon Crawl Stone Soup version 0.30.0-30-g96aa6591b8 (webtiles) character file.

Game seed: 5245288885630290531

24 McKennaii the Conjurer (level 2, -2/20 HPs)
             Began as a Demigod Conjurer on June 30, 2023.
             Slain by an orc
             ... wielding a +0 falchion
              (8 damage)
             ... on level 2 of the Dungeon.
             The game lasted 00:00:43 (1106 turns).

McKennaii the Conjurer (Demigod Conjurer)           Turns: 1106, Time: 00:00:43

Health: -2/20      AC:  3    Str:  8    XL:     2   Next: 60%
Magic:  1/7        EV: 12    Int: 20    God:
Gold:   66         SH:  0    Dex: 12    Spells: 2/5 levels left

rFire   . . .        (no weapon)
rCold   . . .        (no shield)
rNeg    . . .        a - +0 robe
rPois   .            (no helmet)
rElec   .            (no cloak)
rCorr   .            (no gloves)
SInv    .            h - +0 pair of boots
Will    .....        (no amulet)
Stlth   ++           (no ring)
HPRegen 0.23/turn    (no ring)
MPRegen 0.10/turn

%: no passive effects
@: no status effects
A: high MP 1, forlorn, divine attributes
a: no special abilities


You were on level 2 of the Dungeon.
You visited 1 branch of the dungeon, and saw 2 of its levels.

You collected 66 gold pieces.

Inventory:

Armour
 a - a +0 robe (worn)
 h - a +0 pair of boots (worn)
Scrolls
 c - a scroll of blinking {unknown}
 d - a scroll of teleportation {unknown}
 e - a scroll of enchant weapon {unknown}
 f - 2 scrolls of immolation {unknown}
 i - a scroll of identify {unknown}
Potions
 b - a potion of magic
 g - a potion of curing {unknown}
 j - 3 potions of mutation {unknown}


   Skills:
 - Level 1.7 Dodging
 - Level 1.7 Stealth
 + Level 2.3 Spellcasting
 + Level 4.0 Conjurations


You had 2 spell levels left.
You knew the following spells:

 Your Spells              Type           Power      Damage    Failure   Level
a - Magic Dart            Conj           72%        1d6       2%          1
b - Searing Ray           Conj           36%        2d5       4%          2

Your spell library contained the following spells:

 Spells                   Type           Power      Damage    Failure   Level
 Dazzling Flash           Conj/Hex       20%        N/A       21%         3
 Fulminant Prism          Conj/Hex       5%         3d7       54%         4
 Iskenderun's Mystic Bla  Conj/Tloc      10%        2d4       54%         4


Dungeon Overview and Level Annotations

Branches:
Dungeon (2/15)


Innate Abilities, Weirdness & Mutations

You have an increased reservoir of magic. (+10% MP)
You shall have no god before yourself.
Your divine heritage dramatically boosts your attributes as you level up.


Message History

Confirm with . or Enter, or press ? or * to list all spells.
Aiming: Searing Ray (safe; 4% risk of failure)
Press: ? - help, Shift-Dir - straight line, f/p - orc
Aim: an orc, wielding a +0 dagger and wearing a +0 leather armour (moderately wounded, 78% to hit)
The searing ray hits the orc!
You kill the orc! (Press . to maintain the ray.) Without enough magic to sustain it, your searing ray dissipates.
You barely miss the orc priest.
The orc priest is severely wounded.
The orc barely misses you.
The orc priest looks encouraged for a moment.
Casting: Searing Ray (safe; 4% risk of failure)
Confirm with . or Enter, or press ? or * to list all spells.
Aiming: Magic Dart (safe; 2% risk of failure)
Press: ? - help, Shift-Dir - straight line, f - orc priest
Aim: an orc priest, wielding a +0 short sword (severely wounded, 100% to hit)
The magic dart hits the orc priest but does no damage.
The orc priest is severely wounded.
The orc barely misses you.
The orc priest casts a cantrip, but nothing happens.
Unknown command.
The orc priest attacks as you move away!
The orc priest closely misses you. The orc attacks as you move away!
The orc hits you with a +0 falchion.
The orc priest calls upon Beogh to heal the orc.
The orc's wounds heal themselves!
The orc attacks as you move away! The orc closely misses you.
The orc attacks as you move away! The orc barely misses you.
The orc priest begins to cast a cantrip, but forgets the words!
There is an open door here.
The orc attacks as you move away! The orc misses you.
The orc priest invokes the aid of Beogh against you.
Beogh smites you!
Ouch! That really hurt!
* * * LOW HITPOINT WARNING * * *
There is an open door here.
The orc attacks as you move away! The orc barely misses you.
The orc attacks as you move away! The orc hits you with a +0 falchion!
You die...

##.# ... #.......)...## ...#).
#...........## ####...
#............# .....#
#............# #..#
#............# #..####.#
#............. .
#.......###################'###
#†#...######...#..........###....
#..........'o..o@.....†...'......
#.#...######...#........†.#######
#.#.......##...#..........#
...######.##...#..........# #..
#...#..........# ##.
#...#..........# #...############
#...#


You could see an orc priest and an orc.

Vanquished Creatures
  An orc (D:2)
  4 endoplasms (D:1)
  A giant cockroach (D:1)
  A hobgoblin (D:1)
  A quokka (D:1)
  3 ball pythons
  2 bats
  A frilled lizard (D:2)
  2 goblins (D:1)
  2 kobolds (D:1)
  4 rats (D:1)
22 creatures vanquished.

Notes
Turn   | Place    | Note
-------+----------+-------------------------------------------
     0 | D:1      | McKennaii the Demigod Conjurer began the quest for the Orb.
     0 | D:1      | Reached XP level 1. HP: 14/14 MP: 5/5
   360 | D:1      | Reached XP level 2. HP: 20/20 MP: 4/7
   686 | D:1      | Reached skill level 4 in Conjurations
   984 | D:2      | Learned a level 2 spell: Searing Ray
  1106 | D:2      | Slain by an orc

Illustrated notes

Levels and vault maps discovered:
D:1:      wander_arrival_estate, layout_loops_ring
D:2:      layout_basic

Skill      XL: |  1  2 |
---------------+-------+-----
Spellcasting   | 2 |  2.3
Conjurations   | 4 |  4.0
Dodging        | |  1.7
Stealth        | |  1.7

Action                     || total
---------------------------++-------
  Melee: Unarmed           ||     1
   Cast: Magic Dart        ||    40
         Searing Ray       ||     1
  Dodge: Dodged            ||     8
